 Dungeon Crawl Stone Soup version 0.30.0 (webtiles) character file.

Game seed: 1957241351794244148

10892 chorocmaeul the Blocker (level 12, -16/97 HPs)
             Began as a Formicid Fighter on Nov 16, 2023.
             Was a High Priest of Okawaru.
             Demolished by Snorg (18 damage)
             ... on level 10 of the Dungeon.
             The game lasted 00:15:19 (8902 turns).

chorocmaeul the Blocker (Formicid Fighter)          Turns: 8902, Time: 00:15:19

Health: -16/97     AC: 14    Str: 27    XL:     12   Next: 0%
Magic:  18/18      EV:  9    Int: 11    God:    Okawaru [*****.]
Gold:   267        SH:  7    Dex: 18    Spells: 11/11 levels left

rFire   + + .        p - +9 spear "Reumih" {heavy, Int+4 Dex+5 Stlth-}
rCold   + . .        c - +0 buckler
rNeg    . . .        H - +0 chain mail
rPois   .            (helmet unavailable)
rElec   .            P - scarf {rC+ rF+}
rCorr   .            i - +0 pair of gloves
SInv    +            e - +0 pair of boots
Will    ++...        (no amulet) Stlth
                     K - ring of protection from fire
HPRegen 0.36/turn    r - ring of willpower
MPRegen 0.16/turn

%: no passive effects
@: no status effects
A: permanent stasis, dig shafts and tunnels, antennae 3, four strong arms
a: Dig, Shaft Self, Renounce Religion, Heroism, Finesse, Duel


You were on level 10 of the Dungeon.
You worshipped Okawaru.
Okawaru was extremely pleased with you.
You visited 2 branches of the dungeon, and saw 11 of its levels.

You collected 456 gold pieces.
You spent 189 gold pieces at shops.

Inventory:

Hand Weapons
 a - a +3 great sword of freezing
 g - a +0 vampiric trident
 p - the +9 spear "Reumih" (weapon) {heavy, Int+4 Dex+5 Stlth-}
   (You found it on level 2 of the Dungeon)

   Int:       It affects your intelligence (+4).
   Dex:       It affects your dexterity (+5).
   Stlth:     It makes you less stealthy.
 G - a +1 scimitar of flaming
 M - a +3 battleaxe
Missiles
 Q - 2 throwing nets
Armour
 c - a +0 buckler (worn)
 e - a +0 pair of boots (worn)
 i - a +0 pair of gloves (worn)
 H - a +0 chain mail (worn)
 P - a scarf of resistance (worn)
Jewellery
 r - a ring of willpower (right hand)
 K - a ring of protection from fire (left hand)
 S - a +6 ring of strength
Wands
 x - a wand of roots (10)
 J - a wand of mindburst (12)
 L - a wand of flame (21)
 R - a wand of polymorph (8)
Scrolls
 b - 2 scrolls of enchant weapon
 k - 4 scrolls of magic mapping
 n - a scroll of enchant armour {unknown}
 o - a scroll of fear
 s - a scroll of summoning {unknown}
 t - a scroll of brand weapon {unknown}
 u - 3 scrolls of immolation
 w - a scroll of silence {unknown}
 y - a scroll of acquirement {unknown}
 D - 2 scrolls of poison
 F - 2 scrolls of noise {unknown}
 I - a scroll of fog {unknown}
 N - a scroll of blinking {unknown}
 O - a scroll of amnesia {unknown}
Potions
 d - 3 potions of might
 f - 2 potions of flight {unknown}
 h - 3 potions of curing
 j - 3 potions of magic {unknown}
 l - 2 potions of degeneration {unknown}
 m - 3 potions of resistance {unknown}
 q - a potion of lignification {unknown}
 v - 2 potions of mutation {unknown}
 z - 2 potions of experience {unknown}
 A - 2 potions of invisibility {unknown}
 B - a potion of ambrosia {unknown}
 C - 3 potions of heal wounds {unknown}
 E - 2 potions of attraction {unknown}


   Skills:
 + Level 9.9 Fighting
 - Level 2.5(5.8) Axes
 + Level 8.2(8.4) Polearms
 + Level 10.0 Armour
 + Level 11.7 Shields
 + Level 8.1 Invocations


You had 11 spell levels left.
You didn't know any spells.
Your spell library contained the following spells:

 Spells                   Type           Power      Damage    Failure   Level
 Apportation              Tloc           0%         N/A       82%         1
 Necrotise                Necr           0%         1d4       82%         1
 Lesser Beckoning         Tloc           0%         N/A       91%         2
 Gell's Gravitas          Tloc           0%         N/A       99%         3
 Teleport Other           Tloc           0%         N/A       99%         3
 Summon Small Mammal      Summ           Unusable   N/A       N/A         1

Dungeon Overview and Level Annotations

Branches:
Dungeon (10/15)            Temple (1/1) D:5            Lair (0/5) D:10
    Orc: D:9-12

Altars:
Ashenzari
Cheibriados
Dithmenos
Elyvilon
Fedhas
Gozag
Hepliaklqana
Kikubaaqudgha
Makhleb
Nemelex Xobeh
Okawaru
Qazlal
Ru
Sif Muna
Trog
Uskayaw
Vehumet
Wu Jian
Xom
Yredelemnul
Zin
The Shining One

Shops:
D:5 **

Annotations:
D:3 2 transporters, PiratePeteNZ's ghost, amateur MiFi
D:4 2 runed translucent doors, zhionzacheriah's ghost, amateur TrBe
D:10 Snorg


Innate Abilities, Weirdness & Mutations

You cannot be hasted, slowed, berserked, paralysed or teleported.
You can dig through walls and to a lower floor.
You have a pair of large antennae on your head. (SInv)
Your four strong arms can wield two-handed weapons with a shield.


Message History

You block Snorg's attack. Snorg closely misses you. x2
The shadow imp barely misses you.
You hear a shout!
Snorg attacks as you move away! You block Snorg's attack.
Snorg claws you but does no damage. You block Snorg's attack.
The shadow imp hits you but does no damage.
As you read the scroll of fear, it crumbles to dust.
You assume a fearsome visage.
The shadow imp looks frightened!
Snorg is unaffected.
The kobold demonologist looks frightened!
The vampire mosquito is unaffected. x2
A vampire mosquito comes into view.
Snorg misses you. Snorg closely misses you. Snorg misses you.
Cornered, the iron imp turns to fight!
Snorg closely misses you. Snorg barely misses you. x2
Snorg attacks as you move away! Snorg barely misses you.
Snorg claws you but does no damage. You block Snorg's attack.
Cornered, the kobold turns to fight!
You hear an angry buzzing noise.
The vampire mosquito attacks as you move away!
The vampire mosquito barely misses you.
You block the vampire mosquito's attack.
Snorg rages.
The vampire mosquito bites you but does no damage.
You feel like a meek peon again.
You block the vampire mosquito's attack.
The vampire mosquito attacks as you move away!
The vampire mosquito bites you but does no damage.
The ufetubus seems to regain its courage.
You block the vampire mosquito's attack.
The vampire mosquito barely misses you. The vampire mosquito bites you.
* * * LOW HITPOINT WARNING * * *
The vampire mosquito draws strength from your injuries!
The vampire mosquito attacks as you move away!
The vampire mosquito barely misses you. The vampire mosquito misses you.
You block the vampire mosquito's attack.
There is a staircase to the Lair here.
Snorg attacks as you move away! Snorg bites you!!
You die... ... ..# ..# ############.## ##PPPPPPPPP##..#

#PP...PPPPPP#..####
#PP.@....P...#....# #
#PPTy5.P.P.....##.##.
#P..P.....)..#..#.#..
###P........))###......
#####{##.........##
####...
yyy##..){.####K....###
#...
..yy55.{{{{.{....###
#... ...###############
#..> ##..


You could see Snorg (berserk), a vampire mosquito, an ufetubus (summoned) and a
kobold.

Vanquished Creatures
  Gastronok (D:8)
  Erica (D:8)
  A two-headed ogre (D:8)
  Amaemon (D:10)
  A cyclops (D:8)
  An orange demon (D:10)
  3 kobold demonologists (D:9)
  2 unseen horror zombies (D:8)
  A komodo dragon (D:10)
  Prince Ribbit (D:5)
  A hornet (D:9)
  A vampire (D:9)
  Eustachio (D:5)
  A wraith (D:8)
  A steam dragon (D:7)
  Edmund (D:5)
  Duvessa (D:7)
  3 water moccasins
  A black bear (D:4)
  A sky beast (D:8)
  2 ogres
  2 ice beasts
  2 centaurs
  4 kobold brigands
  A phantom (D:5)
  Blork the orc (D:5)
  4 bullfrogs
  4 scorpions
  A gnoll sergeant (D:6)
  A wyvern zombie (D:8)
  21 wights
  Dowan (D:7)
  12 killer bees (D:9)
  3 howler monkeys
  4 hounds
  5 orc priests
  2 centaur zombies (D:8)
  A gnoll bouda (D:9)
  2 jellies
  A sleepcap (D:6)
  Jessica (D:2)
  3 iguanas (D:5)
  8 orc wizards
  A howler monkey zombie (D:8)
  4 adders
  10 gnolls
  An ufetubus (D:5)
  A worm (D:3)
  A dart slug (D:3)
  25 orcs
  4 ball pythons
  7 endoplasms
  2 giant cockroaches
  4 goblins
  2 hobgoblins
  24 kobolds
  A quokka (D:2)
  13 bats
  4 frilled lizards
  4 rats
219 creatures vanquished.

Vanquished Creatures (others)
  16 plants (D:10)
  A withered plant (D:8)
17 creatures vanquished.

Grand Total: 236 creatures vanquished

Notes
Turn   | Place    | Note
-------+----------+-------------------------------------------
     0 | D:1      | chorocmaeul the Formicid Fighter began the quest for the
                  | Orb.
     0 | D:1      | Reached XP level 1. HP: 18/18 MP: 1/1
   351 | D:1      | Reached XP level 2. HP: 24/24 MP: 2/2
   597 | D:1      | Found a faded altar of an unknown god.
   966 | D:2      | Reached XP level 3. HP: 29/29 MP: 3/3
  1015 | D:2      | Noticed Jessica
  1018 | D:2      | Killed Jessica
  1024 | D:2      | Reached XP level 4. HP: 23/37 MP: 4/4
  1026 | D:2      | Identified the +9 spear "Reumih" {heavy, Int+4 Dex+5
                  | Stlth-}
  1807 | D:3      | Noticed PiratePeteNZ's ghost (amateur MiFi)
  1829 | D:3      | Found a transporter.
  1832 | D:3      | Found a transporter.
  1926 | D:3      | Reached skill level 1 in Polearms
  1926 | D:3      | Reached skill level 5 in Shields
  1926 | D:3      | Reached XP level 5. HP: 42/42 MP: 5/5
  2504 | D:4      | Found a large runed translucent door.
  2504 | D:4      | Found a large runed translucent door.
  2505 | D:4      | Noticed zhionzacheriah's ghost (amateur TrBe)
  2649 | D:4      | Noticed a black bear
  2652 | D:4      | Reached XP level 6. HP: 49/49 MP: 6/6
  2664 | D:4      | Killed a black bear
  2905 | D:4      | Reached skill level 5 in Armour
  2905 | D:4      | Reached skill level 6 in Shields
  2905 | D:4      | Reached XP level 7. HP: 55/55 MP: 7/7
  3126 | D:5      | Entered Level 5 of the Dungeon
  3131 | D:5      | Reached skill level 5 in Fighting
  3204 | D:5      | Noticed Blork the orc
  3219 | D:5      | Killed Blork the orc
  3386 | D:5      | Found a staircase to the Ecumenical Temple.
  3429 | Temple   | Entered the Ecumenical Temple
  3436 | Temple   | Became a worshipper of Warmaster Okawaru
  3493 | D:5      | Noticed Prince Ribbit
  3494 | D:5      | Noticed Eustachio
  3629 | D:5      | Killed Prince Ribbit
  3630 | D:5      | Reached skill level 7 in Shields
  3630 | D:5      | Reached XP level 8. HP: 51/64 MP: 8/8
  3632 | D:5      | Killed Eustachio
  3885 | D:5      | Noticed Edmund
  3893 | D:5      | Killed Edmund
  3893 | D:5      | Reached * piety under Okawaru
  4114 | D:5      | Found Moipodd's General Store.
  4117 | D:5      | Found Lydgharu's Specific Store.
  4123 | D:5      | Bought a scroll of identify for 28 gold pieces
  4162 | D:5      | Bought a scroll of enchant weapon for 105 gold pieces
  4162 | D:5      | Bought a scroll of poison for 56 gold pieces
  4355 | D:6      | Reached skill level 1 in Invocations
  4361 | D:6      | Reached XP level 9. HP: 49/71 MP: 9/9
  4510 | D:6      | Reached skill level 8 in Shields
  4829 | D:6      | Reached skill level 5 in Polearms
  4947 | D:6      | Reached ** piety under Okawaru
  5426 | D:7      | Reached skill level 9 in Shields
  5429 | D:7      | Reached *** piety under Okawaru
  5491 | D:7      | Reached XP level 10. HP: 69/79 MP: 11/13
  5568 | D:7      | Noticed Dowan
  5573 | D:7      | Killed Dowan
  5579 | D:7      | Noticed Duvessa
  5584 | D:7      | Killed Duvessa
  5947 | D:8      | Reached skill level 5 in Invocations
  6112 | D:8      | Noticed a cyclops
  6118 | D:8      | Killed a cyclops
  6168 | D:8      | Noticed a two-headed ogre
  6174 | D:8      | Killed a two-headed ogre
  6174 | D:8      | Reached **** piety under Okawaru
  6175 | D:8      | Reached skill level 10 in Shields
  6357 | D:8      | Noticed Erica
  6373 | D:8      | Killed Erica
  6645 | D:8      | Reached XP level 11. HP: 76/87 MP: 15/15
  6781 | D:8      | Reached ***** piety under Okawaru
  6980 | D:8      | Noticed Gastronok
  6996 | D:8      | Killed Gastronok
  6997 | D:8      | Reached skill level 11 in Shields
  7785 | D:9      | Noticed a soul eater
  7786 | D:9      | Received a gift from Okawaru
  8634 | D:9      | Found a glowing golden altar of the Shining One.
  8638 | D:9      | Found a stormy altar of Qazlal.
  8642 | D:9      | Found a sparkling altar of Nemelex Xobeh.
  8643 | D:9      | Found a snail-covered altar of Cheibriados.
  8644 | D:9      | Found a basalt altar of Yredelemnul.
  8644 | D:9      | Found a glowing silver altar of Zin.
  8649 | D:9      | Found a sacrificial altar of Ru.
  8680 | D:10     | Entered Level 10 of the Dungeon
  8701 | D:10     | Found a staircase to the Lair.
  8857 | D:10     | Noticed Amaemon
  8866 | D:10     | Killed Amaemon
  8869 | D:10     | Noticed Snorg
  8871 | D:10     | Reached skill level 10 in Armour
  8871 | D:10     | Reached XP level 12. HP: 82/97 MP: 15/18
  8888 | D:10     | HP: 4/97 [Snorg (6)]
  8899 | D:10     | HP: 2/97 [vampire mosquito (6)]
  8902 | D:10     | Demolished by Snorg

Illustrated notes

Levels and vault maps discovered:
D:1:      elethiomel_arrival_shortcut, layout_basic,
          ebering_ecumenical_altar_hall, grunt_decor_fettered
D:2:      layout_basic, uniq_jessica
D:3:      layout_loops_corners, gammafunk_ghost_arena,
          chequers_serial_rivers_small_b
D:4:      minmay_wonky_spiral, layout_basic, ebering_ghost_disaster_area
D:5:      layout_basic, minmay_temple_entry_proselytizer,
          nicolae_specific_store, uniq_eustachio, uniq_edmund,
          uniq_blork_the_orc, uniq_prince_ribbit1
D:6:      layout_basic
D:7:      statuecave_lemuel, layout_rooms, uniq_duvessa
D:8:      layout_gridville, serial_undead, serial_undead_b, serial_undead_c,
          serial_undead_f, serial_undead_b, minmay_small_thing, uniq_gastronok,
          uniq_erica
D:9:      layout_basic, minitemple
D:10:     layout_rooms, david_lair_shrubbed, minmay_orc_entry_guard_dogs,
          minmay_fire_ice_demons, uniq_amaemon, uniq_snorg
Temple:   hellmonk_temple_of_storms

Skill      XL: |  1  2  3  4  5  6  7  8  9 10 11 |
---------------+----------------------------------+-----
Armour         | 4 5 6 7 8 10 | 10.0
Fighting       | 4 5 6 7 8 9 |  9.9
Polearms       | 1 2 3 4 5 7 8 |  8.2
Shields        | 5 6 7 9 10 11 | 11.7
Invocations    | 1 4 6 8 |  8.1
Axes           | |  2.5

Action                     |  1- 3 |  4- 6 |  7- 9 | 10-12 || total
---------------------------+-------+-------+-------+-------++-------
  Melee: War axe           |    63 |       |       |       ||    63
         Spear             |       |    69 |   207 |   298 ||   574
 Invoke: Heroism           |       |       |     1 |     8 ||     9
  Evoke: Wand              |       |     1 |       |       ||     1
    Use: Potion            |       |       |     1 |     1 ||     2
         Scroll            |       |       |     4 |     4 ||     8
 Armour: Scale mail        |    44 |    27 |    24 |       ||    95
         Chain mail        |       |       |    61 |   114 ||   175
  Dodge: Dodged            |    33 |    31 |    59 |   101 ||   224
  Block: Buckler           |    24 |    20 |    61 |   107 ||   212
